 Dungeon Crawl Stone Soup version 0.22-a0-252-gcace5d2 (webtiles) character file.

24843 KristoblXynda the Basher (level 12, -5/94 HPs)
             Began as a Yellow Draconian Hunter on Mar 1, 2018.
             Was the Champion of Qazlal.
             Slain by a fire elemental (9 damage)
             ... led by Azrael
             ... on level 13 of the Dungeon.
             The game lasted 00:41:41 (16440 turns).

KristoblXynda the Basher (Yellow Draconian Hunter) Turns: 16440, Time: 00:41:41

Health: -5/94      AC: 16    Str: 16    XL:     12   Next: 84%
Magic:  19/19      EV: 19    Int: 15    God:    Qazlal [******]
Gold:   804        SH: 18    Dex: 17    Spells: 8/11 levels left

rFire    . . .     SeeInvis +   m - +2 whip (elec)
rCold    . . .     Gourm    .   z - +2 buckler {AC+3}
rNeg     . . .     Faith    .   (armour unavailable)
rPois    .         Spirit   .   k - +2 hat
rElec    .         Reflect  +   L - +0 cloak
rCorr    +         Harm     .   C - +0 pair of gloves
MR       .....                  I - +0 pair of boots "Tesiqucs" {Dex+3}
Stlth    +.........             A - +3 amulet of reflection
HPRegen  0.25/turn              v - +3 ring of slaying
MPRegen  0.16/turn              y - ring of see invisible

@: short of breath, repel missiles
A: spit acid, acid resistance, unfitting armour, hooves 1, agile 1,
cold-blooded, AC +8
a: Breathe Acid, Upheaval, Elemental Force, Disaster Area, Renounce Religion


You were on level 13 of the Dungeon.
You worshipped Qazlal.
Qazlal was exalted by your worship.
You were not hungry.

You visited 3 branches of the dungeon, and saw 15 of its levels.
You also visited: Sewer.

You collected 916 gold pieces.
You spent 112 gold pieces at shops.

Inventory:

Hand Weapons
 m - a +2 whip of electrocution (weapon)
 q - a +3 whip of flaming
 D - a +1 hand crossbow of velocity
 G - a +1 morningstar of holy wrath
Missiles
 c - 90 bolts
 n - 2 throwing nets (quivered)
Armour
 k - a +2 hat (worn)
 x - a +1 pair of boots of stealth
 z - a +2 buckler of protection (worn)
 C - a +0 pair of gloves (worn)
 I - the +0 pair of boots "Tesiqucs" (worn) {Dex+3}
   (You found it on level 12 of the Dungeon)

   It affects your dexterity (+3).
 L - a +0 cloak (worn)
Jewellery
 s - an uncursed ring of poison resistance
 t - an uncursed ring of wizardry
 v - a +3 ring of slaying (left hand)
 y - a ring of see invisible (right hand)
 A - a +3 amulet of reflection (around neck)
Wands
 u - a wand of acid (4)
 E - a wand of iceblast (3)
Scrolls
 a - 2 scrolls of immolation
 b - 2 scrolls of identify
 f - 10 scrolls of teleportation
 i - a scroll of fog
 l - 4 scrolls of amnesia
 o - 4 scrolls of remove curse
 F - a scroll of magic mapping
 H - a scroll of enchant armour
Potions
 e - a potion of cancellation
 g - 4 potions of agility
 h - a potion of invisibility
 j - 3 potions of resistance
 p - 4 potions of flight
 r - 3 potions of mutation
 B - 2 potions of lignification
 J - a potion of curing
 M - a potion of brilliance
 O - a potion of heal wounds
Miscellaneous
 w - a crystal ball of energy
Comestibles
 d - 13 rations
 N - 3 chunks of flesh


   Skills:
 + Level 5.5 Fighting
 + Level 10.4 Maces & Flails
 - Level 10.0 Crossbows
 + Level 10.0 Dodging
 - Level 0.8 Stealth
 - Level 4.5 Shields
 + Level 9.9 Invocations
 + Level 5.9 Evocations


You had 8 spell levels left.
You knew the following spells:

 Your Spells              Type           Power        Failure   Level  Hunger
a - Regeneration          Chrm/Necr      #.........   63%         3    ####...


Dungeon Overview and Level Annotations

Branches:
Dungeon (13/15)            Temple (1/1) D:5            Lair (1/6) D:11
    Orc (0/2) D:10
 Vaults: D:13-14

Altars:
Ashenzari
Cheibriados
Dithmenos
Elyvilon
Fedhas
Gozag
Hepliaklqana
Kikubaaqudgha
Makhleb
Nemelex Xobeh
Okawaru
Qazlal
Ru
Sif Muna
Trog
Uskayaw
Vehumet
Wu Jian
Xom
Yredelemnul
Zin
The Shining One

Shops:
D:13 ?

Annotations:
D:13 Azrael


Innate Abilities, Weirdness & Mutations

You can spit globs of acid.
You are resistant to acid.
Your golden yellow scales are hard. (AC +8)
You cannot fit into any form of body armour.
You are cold-blooded and may be slowed by cold attacks.
You have large cloven feet.
You are agile. (Dex +2)


Message History

Press: ? - help, Shift-Dir - straight line, p - wraith The bolt of acid hits the death knight.
The death knight is splashed with acid.
The acid corrodes the death knight!
The death knight is severely wounded.
The bolt of acid hits the wraith.
The wraith is splashed with acid.
You destroy the wraith!
Qazlal accepts your kill.
The death knight reflects your damage back at you!
* * * LOW HITPOINT WARNING * * *
The fire elemental misses you. The fire elemental hits you.
The fire elemental burns you!
* * * LOW HITPOINT WARNING * * *
The death knight hits you with a battleaxe!
* * * LOW HITPOINT WARNING * * *
Okay, then.
As you read the scroll of fear, it crumbles to dust.
You assume a fearsome visage.
Azrael is unaffected.
The fire elemental is unaffected.
The death knight looks frightened!
The fire elemental hits you. The fire elemental burns you!
You die...

.#.. .§§E[...#
.#.# #§§##.(#
.#.# #§.##).#
....
######.§##..#
.#.#
......§.##..#
.#.#
.......E....#
h#.###
#######§###)#
()p..#
.########§# #)#
(#.#.#
.)....p@ER# #.#
(#.#.#
.########## #.#
.#.#.####.# #.#
.#........#
#######.#
.......$..#
#.......#
####.######
#.####### #.#
#.#
#.###########.##
#..............#


You could see Azrael, a death knight (fleeing) and a fire elemental.

Vanquished Creatures
  Gastronok (D:9)
  A rakshasa (D:13)
  5 two-headed ogres
  An unseen horror (D:12)
  Pikel (D:5)
  2 phantasmal warriors (D:13)
  A deep elf mage (D:12)
  3 ugly things
  The ghost of wazuzu the Cleaver, a novice DsGl of Dithmenos (D:6)
  2 cyclopes
  Psyche (D:12)
  2 centaur skeletons (D:13)
  2 trolls
  A queen bee (D:9)
  The ghost of sankara the Grave Robber, an amateur HONe (D:5)
  2 hornets (D:12)
  A harpy skeleton (D:11)
  2 hippogriffs
  A shadow (D:13)
  5 wraiths
  A vampire (D:11)
  2 wyverns
  4 yaks (D:10)
  2 fire elementals (D:13)
  2 vampire mosquitoes (D:13)
  2 wargs (D:11)
  2 hell hounds (D:13)
  An acid dragon (D:12)
  2 water moccasins
  Duvessa (D:5)
  3 ice beasts
  12 orc warriors
  6 sky beasts
  A slave (D:5)
  11 ogres
  A black bear (D:13)
  8 centaurs
  4 big kobolds
  A wyvern zombie (D:13)
  10 bullfrogs
  A gnoll sergeant (D:11)
  Dowan (D:5)
  3 scorpions
  20 killer bees
  6 howler monkeys
  4 wights (D:12)
  3 electric eels (D:10)
  4 crimson imps
  6 jellies
  2 quasits
  12 orc priests
  A gnoll shaman (D:8)
  6 hounds
  3 bullfrog skeletons
  11 iguanas
  17 orc wizards
  Jessica (D:3)
  Ijyb (D:4)
  9 worker ants
  A hound skeleton (D:7)
  A howler monkey zombie (D:5)
  9 gnolls
  8 adders
  2 shadow imps
  6 oozes
  3 adder skeletons
  4 worms
  3 dart slugs
  7 leopard geckos
  55 orcs
  7 giant cockroaches
  9 goblins
  9 hobgoblins
  14 jackals
  7 quokkas
  2 ball pythons
  12 bats
  4 frilled lizards
  18 kobolds
  A quokka skeleton (D:4)
  8 rats
413 creatures vanquished.

Vanquished Creatures (others)
  A cyclops (D:11)
  A spiny frog (shapeshifter) (D:13)
  2 orcs (D:10)
4 creatures vanquished.

Grand Total: 417 creatures vanquished

Notes
Turn   | Place    | Note
-------+----------+-------------------------------------------
     0 | D:1      | KristoblXynda the Draconian Hunter began the quest for the Orb.
     0 | D:1      | Reached XP level 1. HP: 17/17 MP: 1/1
   502 | D:1      | Reached XP level 2. HP: 21/24 MP: 2/2
   576 | D:1      | Found a shattered altar of Ashenzari.
  1718 | D:2      | Reached XP level 3. HP: 28/29 MP: 3/3
  1996 | D:2      | Found a faded altar of an unknown god.
  2799 | D:3      | Reached XP level 4. HP: 36/36 MP: 4/4
  2904 | D:3      | Found a sparkling altar of Nemelex Xobeh.
  2904 | D:3      | Noticed Jessica
  2912 | D:3      | Killed Jessica
  2968 | D:3      | Reached skill level 1 in Maces & Flails
  3098 | D:3      | Found a glowing drain.
  3107 | Sewer    | Entered a sewer
  3403 | Sewer    | Reached skill level 5 in Crossbows
  3532 | Sewer    | Reached XP level 5. HP: 38/41 MP: 5/5
  4172 | D:4      | Gained mutation: You have large cloven feet. [potion of mutation]
  4172 | D:4      | Gained mutation: You are agile. (Dex +2) [potion of mutation]
  4515 | D:4      | Noticed Ijyb
  4527 | D:4      | Killed Ijyb
  4527 | D:4      | Reached XP level 6. HP: 16/48 MP: 6/6
  5041 | D:5      | Entered Level 5 of the Dungeon
  5150 | D:5      | Found a staircase to the Ecumenical Temple.
  5155 | D:5      | Found a bloodstained altar of Trog.
  5155 | D:5      | Found a hide-covered altar of Uskayaw.
  5155 | D:5      | Found a glowing silver altar of Zin.
  5155 | D:5      | Found a glowing golden altar of the Shining One.
  5156 | D:5      | Found a basalt altar of Yredelemnul.
  5156 | D:5      | Found a shimmering altar of Xom.
  5159 | D:5      | Found an ancient bone altar of Kikubaaqudgha.
  5159 | D:5      | Found a shattered altar of Ashenzari.
  5159 | D:5      | Found a deep blue altar of Sif Muna.
  5159 | D:5      | Found a stormy altar of Qazlal.
  5159 | D:5      | Found a shadowy altar of Dithmenos.
  5159 | D:5      | Found an ornate altar of the Wu Jian Council.
  5174 | Temple   | Entered the Ecumenical Temple
  5392 | D:5      | Became a worshipper of Qazlal Stormbringer
  5402 | D:5      | Noticed sankara's ghost (amateur HONe)
  5441 | D:5      | Killed sankara's ghost
  5441 | D:5      | Your scales start taking on a golden yellow colour.
  5441 | D:5      | Reached XP level 7. HP: 26/55 MP: 7/7
  5651 | D:5      | Noticed Duvessa
  5659 | D:5      | Killed Duvessa
  5661 | D:5      | Noticed Dowan
  5674 | D:5      | Killed Dowan
  6010 | D:5      | Found a burning altar of Makhleb.
  6091 | D:5      | Reached XP level 8. HP: 60/61 MP: 8/8
  6364 | D:5      | Noticed Pikel
  6377 | D:5      | Killed Pikel
  6377 | D:5      | Reached skill level 5 in Maces & Flails
  6377 | D:5      | Reached skill level 5 in Dodging
  6838 | D:6      | Reached * piety under Qazlal
  7015 | D:6      | Reached skill level 1 in Invocations
  7017 | D:6      | Reached XP level 9. HP: 39/67 MP: 9/9
  7463 | D:6      | Noticed wazuzu's ghost (novice DsGl)
  7472 | D:6      | Killed wazuzu's ghost
  8200 | D:7      | Reached ** piety under Qazlal
  9217 | D:8      | Reached XP level 10. HP: 59/73 MP: 13/13
  9467 | D:8      | Reached skill level 5 in Invocations
  9946 | D:9      | Reached *** piety under Qazlal
 10390 | D:9      | Noticed a two-headed ogre
 10398 | D:9      | Killed a two-headed ogre
 10559 | D:9      | Reached skill level 10 in Crossbows
 11285 | D:9      | Noticed Gastronok
 11304 | D:9      | Killed Gastronok
 11304 | D:9      | Reached XP level 11. HP: 48/82 MP: 14/16
 11627 | D:10     | Entered Level 10 of the Dungeon
 11734 | D:10     | Reached **** piety under Qazlal
 11800 | D:10     | Reached skill level 1 in Evocations
 12079 | D:10     | Identified a scroll of acquirement
 12513 | D:10     | Found a staircase to the Orcish Mines.
 12853 | D:11     | Noticed a two-headed ogre
 12860 | D:11     | Killed a two-headed ogre
 12860 | D:11     | Reached skill level 1 in Shields
 13001 | D:11     | Found a staircase to the Lair.
 13088 | D:11     | Noticed a white ugly thing
 13096 | D:11     | Killed a white ugly thing
 13433 | D:11     | Reached ***** piety under Qazlal
 13973 | Lair:1   | Entered Level 1 of the Lair of Beasts
 13998 | D:12     | Noticed an unseen horror
 14002 | D:12     | Noticed a brown ugly thing
 14002 | D:12     | Noticed a deep elf mage
 14160 | D:12     | Killed an unseen horror
 14217 | D:12     | Noticed a two-headed ogre
 14223 | D:12     | Killed a two-headed ogre
 14223 | D:12     | Reached XP level 12. HP: 47/91 MP: 18/18
 14499 | D:12     | Got a jewelled spear {freeze}
 14503 | D:12     | Identified the +2 spear of Fate {freeze, Int+3} (You took it off a big kobold on level 12 of the Dungeon)
 14554 | D:12     | Got a pair of encrusted boots
 14609 | D:12     | Identified the cursed +0 pair of boots "Tesiqucs" {Dex+3} (You found it on level 12 of the Dungeon)
 14996 | D:12     | Noticed Psyche
 15006 | D:12     | Killed Psyche
 15200 | D:12     | Learned a level 3 spell: Regeneration
 15644 | D:13     | Noticed a two-headed ogre
 15654 | D:13     | Killed a two-headed ogre
 15664 | D:13     | Found Ejityh's Magic Scroll Emporium.
 15672 | D:13     | Bought a scroll of enchant weapon for 112 gold pieces
 15785 | D:13     | Reached skill level 10 in Maces & Flails
 15787 | D:13     | Noticed a death knight
 15799 | D:13     | Reached skill level 5 in Evocations
 15826 | D:13     | Noticed a two-headed ogre
 15867 | D:13     | Killed a two-headed ogre
 15867 | D:13     | Reached skill level 5 in Fighting
 15890 | D:13     | Noticed a rakshasa
 15920 | D:13     | Noticed Azrael
 16412 | D:13     | Killed a rakshasa
 16425 | D:13     | Reached ****** piety under Qazlal
 16425 | D:13     | Reached skill level 10 in Dodging
 16439 | D:13     | HP: 4/94 [death knight/battleaxe (16)]
 16440 | D:13     | Slain by a fire elemental

Vault maps used:
D:1:      dpeg_arrival_more_subterranean_lakeside_camping,
          evilmike_ruin_ashenzari
D:2:      chequers_ecumenical_altar_simple
D:3:      portal_sewer_entry_f, nemelex_lonely_heart_becter
D:4:      st_stairs_7, uniq_ijyb
D:5:      temple_doors_ab, first_ration, bloody_makhleb, uniq_pikel,
          uniq_duvessa
D:6:      st_stairs_13, small_statue_intersection, hangedman_decor_riveting
D:9:      david_nohive_1, uniq_gastronok
D:10:     erik_orc_2
D:11:     erik_lair_orcish_takeover, serial_glass, glass_columns_a,
          glass_columns_c, amethyst_killhole
D:12:     kennysheep_generic_room_14, uniq_psyche
D:13:     serial_shops, nicolae_shop_window_shopping, uniq_azrael
Temple:   nicolae_temple_the_god_donut
Lair:1:   st_stairs_7
Sewer:    sewer_fruit_machine

Skill      XL: |  1  2  3  4  5  6  7  8  9 10 11 12 |
---------------+-------------------------------------+-----
Dodging        | 2 3 4 5 6 8 9 10 | 10.0
Crossbows      | 4 5 6 7 8 9 10 | 10.0
Maces & Flails | 1 2 3 4 5 6 8 9 10 | 10.4
Invocations    | 1 4 7 8 9 |  9.9
Fighting       | 3 4 5 |  5.5
Evocations     | 3 5 |  5.9
Shields        | 3 4 |  4.5
Stealth        | |  0.8

Action                   |  1- 3 |  4- 6 |  7- 9 | 10-12 || total
-------------------------+-------+-------+-------+-------++-------
Melee: Short sword       |    48 |       |       |       ||    48
       Tailslap          |     9 |    16 |    38 |   123 ||   186
       Whip              |    69 |   177 |   261 |   828 ||  1335
       Kick              |       |     5 |    61 |       ||    66
       Morningstar       |       |       |       |    13 ||    13
 Fire: Hand crossbow     |    21 |     8 |    16 |    57 ||   102
 Abil: Breathe Acid      |       |       |     6 |    25 ||    31
Evoke: Wand              |       |       |     1 |    16 ||    17
  Use: Scroll            |     6 |     8 |     6 |    14 ||    34
       Potion            |       |     6 |     1 |     3 ||    10
 Stab: Sleeping          |     1 |     3 |     1 |       ||     5
       Distracted        |       |       |       |     1 ||     1
  Eat: Chunk             |     6 |     4 |     7 |    15 ||    32
       Ration            |       |     2 |     1 |     4 ||     7
Armor: Skin              |    37 |    60 |    69 |   128 ||   294
Dodge: Dodged            |    78 |   138 |   135 |   374 ||   725
       Deflected         |       |       |       |     5 ||     5
Block: Other             |       |       |     4 |   100 ||   104
       Reflection        |       |       |       |    16 ||    16
       Buckler           |       |       |       |   290 ||   290

Table legend:
 A = Spawn XP
 B = Non-spawn XP
 C = Spawn XP percentage of total XP
 D = Spawn monster count
 E = Non-spawn monster count
 F = Spawn count percentage of total count
 G = Total turns spent on level
                    A         B        C        D         E        F      G
               +---------+---------+-------+---------+---------+-------+---------
         Total |       0 |   35491 |   0.0 |       0 |     414 |   0.0 | 16440
               +---------+---------+-------+---------+---------+-------+---------
           D:1 |       0 |      39 |   0.0 |       0 |      20 |   0.0 |  1714
           D:2 |       0 |      33 |   0.0 |       0 |      15 |   0.0 |   950
           D:3 |       0 |     114 |   0.0 |       0 |      29 |   0.0 |   948
           D:4 |       0 |     207 |   0.0 |       0 |      12 |   0.0 |   875
           D:5 |       0 |    1879 |   0.0 |       0 |      29 |   0.0 |  1507
           D:6 |       0 |    1478 |   0.0 |       0 |      22 |   0.0 |   996
           D:7 |       0 |    1121 |   0.0 |       0 |      20 |   0.0 |  1140
           D:8 |       0 |    1517 |   0.0 |       0 |      36 |   0.0 |  1042
           D:9 |       0 |    5690 |   0.0 |       0 |      51 |   0.0 |  1691
          D:10 |       0 |    2616 |   0.0 |       0 |      35 |   0.0 |  1224
          D:11 |       0 |    4602 |   0.0 |       0 |      37 |   0.0 |  1259
          D:12 |       0 |    7646 |   0.0 |       0 |      49 |   0.0 |  1514
          D:13 |       0 |    8493 |   0.0 |       0 |      37 |   0.0 |   814
         Sewer |       0 |      56 |   0.0 |       0 |      22 |   0.0 |   554
               +---------+---------+-------+---------+---------+-------+---------
